 Dungeon Crawl Stone Soup version 0.21-a0-26-g7b23a2f (webtiles) character file.

207 lauthentik the Chopper (level 5, 0/46 HPs)
             Began as a Hill Orc Fighter on May 25, 2017.
             Was an Initiate of Beogh.
             Slain by a gnoll
             ... wielding a +0 halberd
              (6 damage)
             ... on level 3 of the Dungeon.
             The game lasted 00:05:09 (2087 turns).

lauthentik the Chopper (Hill Orc Fighter)           Turns: 2087, Time: 00:05:10

Health: 0/46       AC:  7    Str: 20    XL:     5   Next: 85%
Magic:  5/5        EV: 12    Int:  8    God:    Beogh [......]
Gold:   150        SH:  9    Dex: 10    Spells: 4/4 levels left

rFire    . . .     SeeInvis .   a - +0 war axe
rCold    . . .     Gourm    .   c - +0 shield
rNeg     . . .     Faith    .   b - +0 scale mail
rPois    .         Spirit   .   (no helmet)
rElec    .         Reflect  .   (no cloak)
rCorr    .         Harm     .   (no gloves)
MR       .....                  (no boots)
Stlth    ..........             (no amulet)
Regen    0.2/turn               j - +2 ring of evasion
MPRegen  0.1/turn               o - +3 ring of evasion

@: no status effects
A: no striking features
a: Renounce Religion


You were on level 3 of the Dungeon.
You worshipped Beogh.
Beogh was noncommittal.
You were not hungry.

You visited 1 branch of the dungeon, and saw 3 of its levels.

You collected 150 gold pieces.

Inventory:

Hand Weapons
 a - a +0 war axe (weapon)
Armour
 b - a +0 scale mail (worn)
 c - a +0 shield (worn)
Jewellery
 j - a +2 ring of evasion (left hand)
 o - a +3 ring of evasion (right hand)
Wands
 q - a wand of random effects (25/48)
Scrolls
 e - 3 scrolls of remove curse {unknown}
 h - 4 scrolls of identify {unknown}
 m - a scroll of recharging {unknown}
Potions
 d - a potion of might
 k - 2 potions of resistance {unknown}
 l - a potion of degeneration {unknown}
 p - a potion of brilliance {unknown}
Books
 n - a book of Misfortune

   Spells                             Type                      Level
   a - Confusing Touch                Hexes                        1
   b - Confuse                        Hexes                        3
   c - Gell's Gravitas                Translocation                3
   d - Petrify                        Transmutation/Earth          4
   e - Metabolic Englaciation         Hexes/Ice                    5
   f - Yara's Violent Unravelling     Hexes/Transmutation          5
Comestibles
 f - 2 bread rations
 g - 3 fruits
 i - 3 royal jellies


   Skills:
 + Level 3.9 Fighting
 + Level 5.2 Axes
 + Level 4.1 Armour
 + Level 0.5 Dodging
 + Level 0.5 Stealth
 + Level 4.6 Shields


You had 4 spell levels left.
You didn't know any spells.

Dungeon Overview and Level Annotations

Branches:
Dungeon (3/15)

Altars:
Elyvilon
Gozag
Makhleb
Qazlal
Ru
Sif Muna
Trog
Zin


Message History

The gnoll hits you with a halberd.
* * * LOW HITPOINT WARNING * * *
Things that are here:
a whip; a wooden ring You hit the gnoll but do no damage.
The gnoll is heavily wounded.
You slash the gnoll! The gnoll barely misses you. You block the gnoll's attack.
You hit the gnoll.
The gnoll is almost dead.
You slash the gnoll!
You kill the gnoll!
Beogh accepts your kill. The gnoll barely misses you.
Your shield and scale mail prevent you from hitting the gnoll.
The gnoll is almost dead.
The gnoll closely misses you.
You barely miss the gnoll.
The gnoll is almost dead.
The gnoll closely misses you. The gnoll hits you with a halberd.
You die...

.# ## .. .......# #. ...
).....# ##. ....
.....### #.. ..!... #..
....# ##. .. ...##### #.
... #)..#..# ##.
....##@g....# #..
..........(..# #..
......#......##.....##..
.....##...##.#8.....8#..
.....##...# ##.....##..
........<.## #8...8##..
.....##....## ##>## #.#
.... #.....##########..
... #...#.##.....[....


You could see a gnoll.

Vanquished Creatures
  The ghost of kuniqs the Skirmisher, an amateur VSFi (D:3)
  2 gnolls (D:3)
  4 adders
  2 worms (D:2)
  A dart slug (D:2)
  2 leopard geckos (D:2)
  2 ball pythons
  3 bats
  4 giant cockroaches
  7 goblins
  2 hobgoblins (D:1)
  A quokka (D:2)
  3 frilled lizards (D:1)
  4 kobolds
  6 rats
44 creatures vanquished.

Vanquished Creatures (others)
  An orc priest (D:2)
  An adder (D:2)
  A worm (D:2)
  A hobgoblin (D:2)
4 creatures vanquished.

Grand Total: 48 creatures vanquished

Notes
Turn   | Place    | Note
-------+----------+-------------------------------------------
     0 | D:1      | lauthentik the Hill Orc Fighter began the quest for the Orb.
     0 | D:1      | Reached XP level 1. HP: 19/19 MP: 1/1
   103 | D:1      | Reached XP level 2. HP: 22/27 MP: 2/2
   452 | D:1      | Reached skill level 3 in Axes
   701 | D:2      | Became a worshipper of Beogh the Brigand
   830 | D:2      | Reached XP level 3. HP: 33/33 MP: 3/3
   996 | D:2      | HP: 1/33 [poisoned by an adder]
   998 | D:2      | Reached skill level 4 in Axes
   998 | D:2      | Reached XP level 4. HP: 2/40 MP: 4/4
  1285 | D:2      | Found a burning altar of Makhleb.
  1403 | D:2      | Found an opulent altar of Gozag.
  1405 | D:2      | Found a sacrificial altar of Ru.
  1407 | D:2      | Found a stormy altar of Qazlal.
  1408 | D:2      | Found a bloodstained altar of Trog.
  1409 | D:2      | Found a white marble altar of Elyvilon.
  1410 | D:2      | Found a glowing silver altar of Zin.
  1411 | D:2      | Found a deep blue altar of Sif Muna.
  1658 | D:3      | Noticed kuniqs's ghost (amateur VSFi)
  1682 | D:3      | HP: 2/40 [kuniqs's ghost (1)]
  1683 | D:3      | Killed kuniqs's ghost
  1683 | D:3      | Reached skill level 5 in Axes
  1683 | D:3      | Reached XP level 5. HP: 2/46 MP: 5/5
  2087 | D:3      | Slain by a gnoll

Vault maps used:
D:1:      lightli_arrival_flooded_house, feat_on_display
D:2:      cheibrodos_pilgrimage, old_standard_altar, minitemple, first_bread,
          kennysheep_generic_room_14
D:3:      nicolae_overflow_hidden_temple

Skill      XL: |  1  2  3  4 |
---------------+-------------+-----
Axes           | 3 4 5 |  5.2
Shields        | 4 |  4.6
Armour         | 4 |  4.1
Fighting       | |  3.9
Dodging        | |  0.5
Stealth        | |  0.5

Action                   |  1- 3 |  4- 6 || total
-------------------------+-------+-------++-------
Melee: War axe           |    98 |    72 ||   170
Invok: Convert to Beogh  |     1 |       ||     1
  Use: Potion            |       |     1 ||     1
  Eat: Chunk             |       |     4 ||     4
Armor: Scale mail        |    40 |    37 ||    77
Dodge: Dodged            |    32 |    46 ||    78
Block: Shield            |    50 |    30 ||    80
